 Dungeon Crawl Stone Soup version 0.30.1-3-gfc49f6343a (webtiles) character file.

Game seed: 10583135051500290486

565701 Pepete the Hoplite (level 25, -6/247 HPs)
             Began as a Minotaur Berserker on July 15, 2023.
             Was a High Priest of Trog.
             Mangled by an azure jelly (20 damage)
             ... created by the Royal Jelly
             ... on level 4 of the Pits of Slime on July 19, 2023.
             The game lasted 04:56:22 (169954 turns).

Pepete the Hoplite (Minotaur Berserker)           Turns: 169954, Time: 04:56:23

Health: -6/247     AC: 28    Str: 51      XL:     25   Next: 48%
Magic:  15/15      EV: 20    Int: 12      God:    Trog [*****.]
Gold:   6677       SH: 28    Dex: 16 (17) Spells: 24/24 levels left

rFire   . . .        l - +12 trident of Brawling {venom, rElec rN+ Dex+3}
rCold   + . .        z - +4 tower shield
rNeg    + . .        Z - +6 plate armour of the Mind {Str+6 Dex+3 Slay+6}
rPois   +            Y - +2 hat
rElec   +            O - +0 cloak of the Thoughtful Wonders {rPois rC+}
rCorr   .            o - +3 pair of gauntlets of War {Slay+5}
SInv    .            q - +2 pair of boots of Adumiytulu {*Slow +Inv Str+5 Int+8}
Will    +++..        b - amulet "Fips" {Faith rPois Str+3} Stlth
                     v - +4 ring of protection
HPRegen 1.61/turn    I - +6 ring of strength
MPRegen 0.14/turn

%: random rage (3%), slow self (1%), faith
@: silenced, strong-willed, corroded, on berserk cooldown, regenerating, slowed,
studying 2 skills, very slow
A: horns 2, retaliatory headbutt, berserk 1, deterioration 1, low MP 3, weak 1,
no potion heal 1
}: 3/15 runes: decaying, serpentine, silver
a: Renounce Religion, Evoke Invisibility


You were on level 4 of the Pits of Slime.
You worshipped Trog.
Trog was extremely pleased with you.
You visited 11 branches of the dungeon, and saw 51 of its levels.
You visited the Abyss 4 times.
You also visited: Bailey, Gauntlet and Desolation.

You collected 7165 gold pieces.
You spent 488 gold pieces at shops.

Inventory:

Hand Weapons
 d - a +7 antimagic war axe
 h - the +5 scythe "Finisher" {speed, execute}
   (You took it off a vampire knight on level 3 of the Crypt)
 l - the +12 trident of Brawling (weapon) {venom, rElec rN+ Dex+3}
   (You found it on level 2 of the Snake Pit)

   Dex:       It affects your dexterity (+3).
   rElec:     It insulates you from electricity.
   rN:        It protects you from negative energy.
 m - a +8 antimagic spear
 N - the +8 shortbow of Symmetry {flame, rElec Int+4}
   (You found it on level 10 of the Dungeon)

   Int:       It affects your intelligence (+4).
   rElec:     It insulates you from electricity.
 W - the +4 broad axe of Tension {vamp, rN+ rCorr Int-5 Dex+3}
   (You took it off a deep elf death mage on level 3 of the Elven Halls)

   Int:       It affects your intelligence (-5).
   Dex:       It affects your dexterity (+3).
   rN:        It protects you from negative energy.
   rCorr:     It protects you from acid and corrosion.
Missiles
 B - 5 throwing nets
 R - 8 silver javelins
 U - 19 javelins (quivered)
Armour
 o - the +3 pair of gauntlets of War (worn) {Slay+5}
   (You found it on level 4 of the Lair of Beasts)

   Slay:      It affects your accuracy & damage with ranged weapons and melee
   (+5).
 q - the +2 pair of boots of Adumiytulu (worn) {*Slow +Inv Str+5 Int+8}
   (You found it in the Desolation of Salt)

   Str:       It affects your strength (+5).
   Int:       It affects your intelligence (+8).
   +Inv:      It lets you turn invisible.
   *Slow:     It may slow you when you take damage.
 z - a +4 tower shield (worn)
 A - a +2 pair of gloves of strength
 D - a +3 plate armour of fire resistance
 K - a +2 tower shield
 O - the +0 cloak of the Thoughtful Wonders (worn) {rPois rC+}
   (You found it on level 10 of the Dungeon)

   rC:        It protects you from cold.
   rPois:     It protects you from poison.
 Q - +0 gold dragon scales
 Y - a +2 hat (worn)
 Z - the +6 plate armour of the Mind (worn) {Str+6 Dex+3 Slay+6}
   (You found it on level 5 of the Vaults)

   Str:       It affects your strength (+6).
   Dex:       It affects your dexterity (+3).
   Slay:      It affects your accuracy & damage with ranged weapons and melee
   (+6).
Jewellery
 b - the amulet "Fips" (around neck) {Faith rPois Str+3}
   (You acquired it on level 1 of the Dungeon)

   [amulet of faith]

   It allows you to gain divine favour quickly.
   Str:       It affects your strength (+3).
   rPois:     It protects you from poison.
 e - the ring "Purchugig" {rF+ rC++ Int-3 Dex+4}
   (You took it off a deep elf sorcerer on level 3 of the Elven Halls)

   [ring of protection from fire]

   Int:       It affects your intelligence (-3).
   Dex:       It affects your dexterity (+4).
   rF:        It protects you from fire.
   rC:        It greatly protects you from cold.
 g - an amulet of the acrobat
 i - the ring "Zit Uhai" {rElec rPois EV+5 SInv}
   (You took it off Mennas on level 5 of the Vaults)

   [ring of evasion]

   EV:        It affects your evasion (+5).
   rElec:     It insulates you from electricity.
   rPois:     It protects you from poison.
   SInv:      It lets you see invisible.
 v - a +4 ring of protection (left hand)
 F - the amulet of Rasyppoa {Reflect Int+4 SH+5}
   (You found it on level 5 of the Vaults)

   [amulet of reflection]

   It reflects blocked missile attacks.
   Int:       It affects your intelligence (+4).
   SH:        It affects your SH (+5).
 I - a +6 ring of strength (right hand)
Wands
 a - a wand of iceblast (43)
 r - a wand of polymorph (42)
 y - a wand of flame (65)
 H - a wand of mindburst (50)
 M - a wand of charming (39)
 S - a wand of light (16)
 V - a wand of digging (22)
Scrolls
 c - 2 scrolls of silence
 p - 6 scrolls of teleportation
 w - 5 scrolls of enchant weapon
 C - 5 scrolls of fog
 T - 50 scrolls of identify
 X - 10 scrolls of poison
Potions
 f - 2 potions of invisibility
 k - 15 potions of flight
 s - 9 potions of magic
 t - 5 potions of cancellation
 u - 16 potions of curing
 E - 2 potions of resistance
 J - 4 potions of berserk rage
 L - 3 potions of ambrosia


   Skills:
 - Level 24.4 Fighting
 - Level 18.7(23.1) Axes
 - Level 8.4(14.6) Maces & Flails
 + Level 21.4(24.0) Polearms
 * Level 18.9 Throwing
 - Level 24.1 Armour
 * Level 18.2 Dodging
 - Level 25.0 Shields


You had 24 spell levels left.
You didn't know any spells.
Your spell library was empty.

Dungeon Overview and Level Annotations

Branches:
Dungeon (15/15)            Temple (0/1) D:7            Lair (5/5) D:10
  Swamp (4/4) Lair:3 Zot: 576   Snake (4/4) Lair:2 Zot: 906   Slime (5/5) Lair:4
    Orc (2/2) D:11            Elf (3/3) Orc:2        Vaults (5/5) D:14
  Crypt (3/3) Vaults:3       Tomb (1/3) Crypt:3      Depths (4/4) D:15
    Zot (0/5) Depths:4     Bailey (visited)         Desolation (visited)
Gauntlet (visited)

Altars:
Dithmenos
Elyvilon
Fedhas
Gozag
Kikubaaqudgha
Makhleb
Nemelex Xobeh
Qazlal
Sif Muna
Uskayaw
Yredelemnul
Zin
Jiyva

Shops:
D:6 (   Orc:1 (   Orc:2 ([=*   Elf:1 *   Snake:1 (   Snake:2 :=::   Vaults:4 (

Portals:
Hell: Depths:1 Depths:2 Depths:3 Depths:4
Abyss: Depths:3 Depths:4
Pandemonium: Depths:1 Depths:2
Ziggurat: Depths:3
Trove: Depths:3 (give +2 gold dragon scales)

Annotations:
D:12 2 runed translucent doors, bronco's ghost, journeyman GrFi
Swamp:4 exclusion: 3 oklob plants
Slime:5 Royal Jelly
Orc:1 1 runed translucent door, Veudig's ghost, journeyman HOFi
Depths:3 Parghit


Innate Abilities, Weirdness & Mutations

You have a pair of horns on your head.
You reflexively headbutt those who attack you in melee.
You sometimes lose your temper in combat.
Your body sometimes deteriorates upon taking damage.
Your magical capacity is extremely low. (-30% MP)
You are weak. (Str -2)
Potions are less effective at restoring your health.


Message History

You block the quicksilver ooze's attack. x2
The azure jelly completely misses you.
The azure jelly hits you but does no damage.
The azure jelly completely misses you.
The azure jelly hits you but does no damage.
The acid blob hits you but does no damage.
You block the azure jelly's attack. The azure jelly misses you.
The azure jelly hits you.
* * * LOW HITPOINT WARNING * * *
You block the azure jelly's attack. The rockslime hits you!
* * * LOW HITPOINT WARNING * * *
You hold your ground!
You block the acid blob's attack. You block the azure jelly's attack.
The azure jelly barely misses you.
The azure jelly hits you but does no damage. x2
The quicksilver ooze hits you. The quicksilver ooze engulfs you!
The quicksilver ooze closely misses you.
You climb upwards.
The ooze engulfing you falls away.
You gasp with relief as air once again reaches your lungs.
There is a stone staircase leading down here.
As you read the scroll of silence, it crumbles to dust.
A profound silence engulfs you.
You block the quicksilver ooze's attack. x2
You block the acid blob's attack. The rockslime misses you.
You furiously retaliate!
You headbutt the rockslime, but do no damage.
The azure jelly hits you but does no damage.
The azure jelly hits you.
* * * LOW HITPOINT WARNING * * *
The azure jelly freezes you! You resist.
* * * LOW HITPOINT WARNING * * *
You block the azure jelly's attack. The azure jelly hits you.
* * * LOW HITPOINT WARNING * * *
The acid blob barely misses you. You furiously retaliate!
You headbutt the acid blob!
The azure jelly jiggles.
The azure jelly hits you but does no damage.
The azure jelly hits you.
* * * LOW HITPOINT WARNING * * *
The azure jelly freezes you!! You resist.
You die...

.#...##.....##..........##
..#..#.......##..........#
.#....#.#.#.##.......##..##
#.#.....##............#...#
....#....##........#.....##
####.....#................#
## ##..............#......#
.#####.........JJJ.......##
..##.........#..@J........#
..#............JJ........##
.....#.#..##........#..###
...........##.#.......###
..#.##.#................##
.##.###....#.......##....##
##... ##..................#
##.####.....#...........##
### #...................#


You could see 2 acid blobs, 2 azure jellies, a rockslime and a quicksilver ooze.

Vanquished Creatures
  2 dread liches
  2 ancient liches
  Mara (Vaults:4)
  Mennas (Vaults:5)
  Frederick (Crypt:3)
  3 golden dragons
  A profane servitor (Crypt:3)
  Nikola (Elf:2)
  2 bone dragons
  2 doom hounds (Crypt:1)
  Rupert (Snake:1)
  A Hell Sentinel (Abyss:2)
  Jorgrun (Snake:1)
  4 liches
  Grunn (Crypt:1)
  2 tentacled monstrosities
  A deep elf blademaster (Elf:3)
  3 deep elf master archers (Elf:3)
  6 titans
  Gastronok (D:11)
  5 sphinxes
  22 acid blobs
  8 ancient champions
  8 tentacled starspawn
  4 thorn hunters (Swamp:4)
  7 tengu reavers
  Donald (Elf:2)
  4 storm dragons
  A draconian monk (Depths:4)
  12 azure jellies
  6 nagarajas
  4 shadow dragons
  9 rockslimes
  6 revenants
  5 fire giants
  9 frost giants
  A draconian scorcher (Depths:4)
  11 deep elf sorcerers
  15 vault wardens
  2 curse skulls
  A deep elf elementalist (Elf:3)
  A hydra zombie (Swamp:4)
  Aizul (Vaults:1)
  A draconian annihilator (Depths:4)
  3 orc warlords
  Louise (Swamp:2)
  14 ironbound preservers
  6 quicksilver oozes
  12 ghouls
  7 stone giants
  16 very ugly things
  10 ironbound thunderhulks
  A spriggan defender (Depths:3)
  9 vampire knights
  A rockslime zombie (Crypt:3)
  10 deep elf demonologists
  3 yellow draconians (Depths:4)
  15 deep elf annihilators
  A purple draconian (Abyss:2)
  6 dire elephants
  A white draconian (Depths:4)
  An eleionoma (Swamp:4)
  A minotaur (Gauntlet)
  6 spark wasps (Depths:4)
  2 halazid warlocks (Desolation)
  A bunyip (shapeshifter) (Vaults:5)
  5 bunyips
  9 deep elf death magi
  5 eidola
  2 crystal guardians (Desolation)
  124 slime creatures
  A green death (Gauntlet)
  7 ettins
  A merfolk javelineer (Depths:3)
  6 deep elf high priests
  A shambling mangrove (Swamp:4)
  An entropy weaver (Vaults:3)
  14 great orbs of eyes
  9 fire dragons
  18 jiangshi
  16 yaktaur captains
  A great orb of eyes (shapeshifter) (Vaults:5)
  Josephine (D:11)
  3 rakshasas
  3 mummy priests (Crypt:3)
  14 ragged hierophants (Desolation)
  5 salamander tyrants
  10 servants of whispers (Desolation)
  Harold (D:11)
  30 vault guards
  4 ice dragons
  A fenstrider witch zombie (Crypt:3)
  10 anacondas
  18 hydras
  A hell beast (Depths:2)
  8 peacekeepers
  2 ogre magi
  5 spriggan air magi
  3 ghost crabs
  3 ironbound frosthearts
  7 boulder beetles
  An Orb Guardian zombie (Crypt:1)
  3 catoblepae
  9 two-headed ogres
  3 death knights
  26 dancing weapons
  9 centaur warriors
  4 deep troll earth magi
  10 death yaks
  10 alligators
  4 deep troll shamans
  3 orc high priests
  A titan zombie (Crypt:3)
  5 tengu warriors
  7 vampire magi
  Urug (D:11)
  4 thrashing horrors
  15 naga warriors
  7 shock serpents
  3 soul eaters
  4 hell knights (Depths:3)
  5 spriggan berserkers
  A shock serpent (shapeshifter) (D:15)
  10 deep elf knights
  11 naga sharpshooters
  A sun demon (Depths:2)
  Nergalle (D:11)
  5 wretched stars
  3 shadow wraiths (Crypt:3)
  3 iron trolls
  Lodul (D:11)
  2 spatial maelstroms
  11 goliath frogs
  A spark wasp zombie (Depths:1)
  A death drake (shapeshifter) (Abyss:4)
  35 deep trolls
  9 salamander mystics
  35 skeletal warriors
  11 spriggan druids
  6 naga ritualists
  A tengu zombie (Depths:2)
  28 ironbound convokers
  11 deep elf archers
  11 lindwurms
  6 bog bodies
  6 glowing orange brains
  4 spectral hydras (Swamp:4)
  12 swamp dragons
  5 flayed ghosts
  5 harpies (Vaults:1)
  17 phantasmal warriors
  11 large abominations
  7 necromancers
  8 orc knights
  30 deep elf zephyrmancers
  6 wizards
  5 orc sorcerers
  5 shining eyes
  A mana viper (shapeshifter) (Vaults:5)
  28 deep elf pyromancers
  37 ugly things
  A sphinx skeleton (Crypt:1)
  3 worldbinders
  A fire giant zombie (Depths:1)
  7 mana vipers
  3 manticores
  3 will-o-the-wisps
  6 cyclopes
  2 frost giant skeletons
  A naga zombie (Crypt:3)
  28 salamanders
  Joseph (Lair:1)
  7 naga magi
  4 smoke demons (Abyss:2)
  36 black mambas
  A demonic crawler (Abyss:4)
  A torpor snail (Lair:5)
  20 elephants
  3 orange demons
  9 guardian serpents
  7 cane toads
  A dire elephant skeleton (Crypt:3)
  An apocalypse crab (Abyss:2)
  21 vault sentinels
  2 naga skeletons
  3 molten gargoyles (Desolation)
  An eye of devastation (Abyss:4)
  2 minotaur zombies
  A cane toad (shapeshifter) (D:14)
  An alligator snapping turtle skeleton (Crypt:3)
  Maggie (Lair:1)
  2 gargoyles (D:10)
  2 unseen horrors
  11 freezing wraiths
  A kobold demonologist (Abyss:4)
  5 rime drakes
  3 efreet
  9 komodo dragons
  2 tormentors (Abyss:4)
  A spriggan zombie (Depths:1)
  3 ancient zymes
  3 tengu conjurers
  A golden dragon simulacrum (Depths:2)
  A black draconian skeleton (Crypt:2)
  A human skeleton (Vaults:1)
  14 guardian mummies
  48 yaktaurs
  5 hellwings
  A queen bee (Abyss:4)
  6 trolls
  2 death drake zombies (Swamp:4)
  2 polar bears
  6 meliai
  73 saltlings (Desolation)
  A shadow dragon simulacrum (Depths:1)
  8 tyrant leeches
  17 hornets
  7 dream sheep
  Grinder (D:3)
  3 hydra skeletons (Swamp:4)
  15 raiju
  2 death drake skeletons (Swamp:4)
  A fire giant simulacrum (Vaults:1)
  A deep troll zombie (Vaults:1)
  A stone giant simulacrum (Vaults:1)
  11 blink frogs
  13 flying skulls
  2 shadows
  A centaur simulacrum (D:15)
  3 ynoxinuls
  An ushabti (Crypt:3)
  14 spriggans
  16 wraiths
  9 water elementals
  3 air elementals (Elf:1)
  A vampire (D:9)
  A fire elemental (Elf:1)
  A basilisk (D:15)
  5 wyverns
  43 yaks
  11 golden eyes
  A wind drake skeleton (Crypt:1)
  13 vampire mosquitoes
  6 neqoxecs
  A fire bat zombie (Crypt:2)
  8 small abominations
  13 swamp worms
  5 wargs
  34 nagas
  A demonspawn zombie (Crypt:2)
  A glowing shapeshifter zombie (Depths:2)
  2 hydra simulacra (Swamp:4)
  8 acid dragons
  A warg (shapeshifter) (Vaults:4)
  A faun skeleton (Crypt:1)
  19 water moccasins
  A water nymph skeleton (Crypt:2)
  Duvessa (D:6)
  A floating eye (shapeshifter) (Vaults:5)
  32 orc warriors
  4 swamp drakes (Swamp:4)
  2 sky beasts
  3 ice beasts
  6 black bears
  A spriggan simulacrum (Depths:2)
  3 boggarts (Gauntlet)
  10 ogres
  A snapping turtle skeleton (Crypt:3)
  2 swamp dragon zombies (Swamp:4)
  19 wolves
  12 centaurs
  2 swamp dragon skeletons (Swamp:4)
  A hog skeleton (Crypt:1)
  A rime drake zombie (Crypt:3)
  A vine stalker zombie (Crypt:1)
  4 kobold brigands
  A yaktaur zombie (Crypt:3)
  A komodo dragon zombie (Crypt:1)
  8 bullfrogs
  2 gnoll sergeants (D:10)
  4 scorpions
  A komodo dragon skeleton (Crypt:3)
  6 earth elementals
  3 necrophages
  6 wights
  A cyclops skeleton (Crypt:1)
  Dowan (D:6)
  9 killer bees
  A troll zombie (Crypt:2)
  A raiju skeleton (Crypt:3)
  9 electric eels
  2 spriggan skeletons
  3 howler monkeys
  2 centaur zombies
  Crazy Yiuf (D:3)
  2 jellies
  3 hounds
  11 orc priests
  2 gnoll boudas
  3 iguanas
  24 starcursed masses
  26 orc wizards
  A deep dwarf zombie (Crypt:3)
  Robin (D:3)
  14 gnolls
  A steam dragon zombie (Crypt:2)
  16 adders
  A shadow imp (D:6)
  3 white imps
  3 ufetubi
  A worm (D:3)
  2 dart slugs (D:4)
  70 orcs
  4 ball pythons
  9 endoplasms
  2 giant cockroaches
  21 goblins
  11 hobgoblins
  4 jackals (D:2)
  30 kobolds
  3 quokkas
  3 bats
  A frilled lizard (D:3)
  A rat (D:2)
  3 starspawn tentacles (Abyss:4)
2313 creatures vanquished.

Vanquished Creatures (collateral kills)
  An azure jelly (Slime:5)
  A vault warden (Vaults:5)
  A quicksilver ooze (Slime:5)
  Sonja (Lair:1)
  2 raiju (Abyss:4)
  2 yaks (Lair:1)
8 creatures vanquished.

Vanquished Creatures (others)
  A dancing weapon (Elf:2)
  A deep elf knight (Elf:1)
  A wizard (Vaults:2)
  A molten gargoyle (Desolation)
  2 bloated husks (Swamp:2)
  A saltling (Desolation)
  A yak (D:10)
  A spriggan (Swamp:2)
  2 nagas (Snake:2)
  A swamp drake (Swamp:2)
  A small abomination (Abyss:4)
  25 foxfires
  15 starspawn tentacles
53 creatures vanquished.

Grand Total: 2374 creatures vanquished

Notes
Turn   | Place    | Note
-------+----------+-------------------------------------------
     0 | D:1      | Pepete the Minotaur Berserker began the quest for the Orb.
     0 | D:1      | Reached XP level 1. HP: 19/19 MP: 0/0
   143 | D:1      | Reached XP level 2. HP: 23/27 MP: 1/1
   702 | D:1      | Identified a scroll of acquirement
   702 | D:1      | Acquired the amulet "Fips" {Faith rPois Str+3}
  1002 | D:2      | Reached XP level 3. HP: 24/33 MP: 2/2
  1422 | D:2      | Reached ** piety under Trog
  1919 | D:3      | Found a runed translucent door.
  1920 | D:3      | Noticed Crazy Yiuf
  1963 | D:3      | Reached XP level 4. HP: 41/41 MP: 3/3
  2018 | D:3      | Noticed Robin
  2031 | D:3      | Killed Robin
  2380 | D:3      | Found a shimmering blue altar of Sif Muna.
  2529 | D:3      | Noticed Grinder
  2538 | D:3      | Killed Grinder
  2539 | D:3      | Reached skill level 5 in Fighting
  2539 | D:3      | Reached skill level 5 in Axes
  2539 | D:3      | Reached XP level 5. HP: 49/49 MP: 4/4
  2539 | D:3      | Reached XP level 6. HP: 56/56 MP: 5/5
  2657 | D:3      | Killed Crazy Yiuf
  2658 | D:3      | Reached skill level 5 in Armour
  2770 | D:4      | Identified the +7 mace of Rast {freeze, rN+++ Stlth+}
  2947 | D:4      | Reached *** piety under Trog
  3129 | D:4      | Reached skill level 1 in Maces & Flails
  3527 | D:5      | Entered Level 5 of the Dungeon
  3679 | D:5      | Reached XP level 7. HP: 34/63 MP: 6/6
  4487 | D:5      | Reached XP level 8. HP: 73/73 MP: 7/7
  4740 | D:6      | Found Xycaig's Weapon Emporium.
  4740 | D:6      | Noticed a +0 demon whip
  4763 | D:6      | Noticed a +0 lajatang
  4825 | D:6      | Found a sparkling altar of Nemelex Xobeh.
  4885 | D:6      | Reached **** piety under Trog
  5471 | D:6      | Noticed Dowan
  5472 | D:6      | Noticed Duvessa
  5480 | D:6      | Killed Duvessa
  5481 | D:6      | Killed Dowan
  6563 | D:7      | Noticed a hornet
  6569 | D:7      | Killed a hornet
  6906 | D:7      | Reached XP level 9. HP: 72/82 MP: 8/8
  7134 | D:7      | Found a blossoming altar of Fedhas.
  7597 | D:7      | Found a staircase to the Ecumenical Temple.
  7667 | D:7      | Found a hide-covered altar of Uskayaw.
  7667 | D:7      | Found a faded altar of an unknown god.
  7693 | D:7      | Found a basalt altar of Yredelemnul.
  7759 | D:7      | Found a faded altar of an unknown god.
  7764 | D:7      | Found an opulent altar of Gozag.
  7851 | D:8      | Found a burning altar of Makhleb.
  7913 | D:8      | Found a glowing silver altar of Zin.
  8753 | D:8      | Reached skill level 1 in Shields
  9010 | D:9      | Reached skill level 2 in Shields
  9011 | D:9      | Reached skill level 3 in Shields
  9014 | D:9      | Reached skill level 10 in Fighting
  9241 | D:9      | Reached skill level 4 in Shields
 10004 | D:9      | Reached skill level 5 in Shields
 10802 | D:9      | Reached XP level 10. HP: 94/94 MP: 9/9
 11286 | D:9      | Reached skill level 6 in Shields
 11457 | D:9      | Noticed a two-headed ogre
 11463 | D:9      | Killed a two-headed ogre
 11464 | D:9      | Reached skill level 5 in Maces & Flails
 11464 | D:9      | Reached skill level 7 in Shields
 12080 | D:10     | Entered Level 10 of the Dungeon
 12136 | D:10     | Noticed an orc knight
 12137 | D:10     | Noticed a boulder beetle
 12137 | D:10     | Noticed a seven-headed hydra
 12264 | D:10     | Reached skill level 8 in Shields
 12293 | D:10     | Noticed a gargoyle
 12314 | D:10     | Killed a gargoyle
 12322 | D:10     | Noticed a gargoyle
 12411 | D:10     | Killed a gargoyle
 12412 | D:10     | Reached skill level 9 in Shields
 12474 | D:10     | Found a staircase to the Lair.
 12499 | D:10     | Found a flagged portal.
 12530 | D:10     | Reached XP level 11. HP: 103/103 MP: 10/10
 12542 | D:10     | Killed an orc knight
 12571 | Bailey   | Entered a bailey
 12610 | Bailey   | Reached ***** piety under Trog
 12630 | Bailey   | Noticed an orc warlord
 12684 | Bailey   | Noticed an orc knight
 12699 | Bailey   | Killed an orc knight
 12706 | Bailey   | Reached skill level 10 in Shields
 12876 | Bailey   | Found a runed translucent gate.
 12890 | Bailey   | Found a runed translucent gate.
 12891 | Bailey   | Found a runed translucent gate.
 13394 | Bailey   | Killed an orc warlord
 13462 | Bailey   | Acquired a manual of Armour
 13817 | D:10     | Noticed a two-headed ogre
 13825 | D:10     | Killed a two-headed ogre
 14379 | D:10     | Killed a seven-headed hydra
 14380 | D:10     | Reached skill level 11 in Shields
 14383 | D:10     | Reached skill level 10 in Armour
 14866 | D:10     | Noticed a deep elf pyromancer
 14882 | D:10     | Killed a deep elf pyromancer
 15220 | D:10     | Identified the +0 cloak of the Thoughtful Wonders {rPois
                  | rC+}
 15220 | D:10     | Identified the +8 shortbow of Symmetry {flame, rElec Int+4}
 15221 | D:10     | Identified the staff of air "Eceraono" {+Blink rElec}
 15244 | D:10     | Identified the +12 hand axe "Pasi Nele" {heavy, *Noise
                  | Dex+4}
 15244 | D:10     | Identified the ring "Jehevai" {Fly rPois}
 15467 | D:10     | Noticed a two-headed ogre
 15504 | D:10     | Killed a two-headed ogre
 15896 | D:10     | Noticed a brown ugly thing
 15898 | D:10     | Killed a boulder beetle
 15906 | D:10     | Killed a brown ugly thing
 15907 | D:10     | Reached skill level 12 in Shields
 16717 | Lair:1   | Entered Level 1 of the Lair of Beasts
 16717 | Lair:1   | Noticed a death yak
 16717 | Lair:1   | Noticed a death yak
 16717 | Lair:1   | Noticed a death yak
 16717 | Lair:1   | Noticed a death yak
 16717 | Lair:1   | Noticed a death yak
 16731 | D:10     | Killed a death yak
 16731 | D:10     | Killed a death yak
 16732 | D:10     | Reached skill level 10 in Axes
 16732 | D:10     | Reached XP level 12. HP: 112/112 MP: 11/11
 16732 | D:10     | Killed a death yak
 16953 | Lair:1   | Killed a death yak
 16954 | Lair:1   | Killed a death yak
 17254 | Lair:1   | Noticed Maggie
 17257 | Lair:1   | Received a gift from Trog
 17265 | Lair:1   | Killed Maggie
 17666 | Lair:1   | Noticed Sonja
 17667 | Lair:1   | Reached skill level 13 in Shields
 17715 | Lair:1   | Killed Sonja
 17994 | Lair:1   | Noticed Joseph
 18003 | Lair:1   | Killed Joseph
 18437 | Lair:1   | You fall into a shaft and drop 1 floor!
 19637 | Lair:2   | Noticed a five-headed hydra
 19652 | Lair:2   | Killed a 12-headed hydra
 19653 | Lair:2   | Reached skill level 15 in Armour
 19763 | Lair:2   | Found a staircase to the Snake Pit.
 19948 | Lair:2   | Acquired a manual of Maces & Flails
 20742 | Lair:3   | Noticed a seven-headed hydra
 20751 | Lair:3   | Killed a ten-headed hydra
 20752 | Lair:3   | Reached skill level 14 in Shields
 20840 | Lair:3   | Noticed a six-headed hydra
 20842 | Lair:3   | Noticed a seven-headed hydra
 20847 | Lair:3   | Reached XP level 13. HP: 118/118 MP: 12/12
 21306 | Lair:3   | Noticed a dire elephant
 21318 | Lair:3   | Killed a dire elephant
 21472 | Lair:3   | Reached skill level 15 in Shields
 21948 | Lair:3   | Found a staircase to the Swamp.
 22008 | Lair:4   | Found a transporter.
 22063 | Lair:4   | Found a gate leading to a gauntlet.
 22072 | Gauntlet | Entered a Gauntlet
 22072 | Gauntlet | Found a transporter.
 22072 | Gauntlet | Found a transporter.
 22090 | Gauntlet | Found a transporter.
 22094 | Gauntlet | Found a transporter.
 22094 | Gauntlet | Found a transporter.
 22120 | Gauntlet | Found a transporter.
 22124 | Gauntlet | Found a transporter.
 22128 | Gauntlet | Found a runed translucent door.
 22128 | Gauntlet | Found a runed translucent door.
 22130 | Gauntlet | Noticed a green death
 22132 | Gauntlet | Found a transporter.
 22149 | Gauntlet | Found a transporter.
 22164 | Gauntlet | Found a transporter.
 22168 | Gauntlet | Found a transporter.
 22180 | Gauntlet | Found a transporter.
 22589 | Gauntlet | Identified the amulet "Giammef" {Acrobat MP+9}
 22616 | Gauntlet | Identified the +3 great mace of Wu Jian's Esteem {venom,
                  | Will+ SInv}
 22774 | Gauntlet | Killed a green death
 22815 | Gauntlet | Identified the +1 ring mail "Giogrotow" {rElec Regen+}
 22875 | Gauntlet | Identified the +4 ring mail of the Morning {Stlth+}
 22875 | Gauntlet | Noticed a minotaur
 22908 | Gauntlet | Killed a minotaur
 23335 | Gauntlet | Identified the +2 robe of the Pits of Slime {+Blink rPois
                  | rC+ Dex-3}
 23434 | Lair:4   | Found a staircase to the Slime Pits.
 23435 | Lair:4   | Found a viscous altar of Jiyva.
 23561 | Lair:4   | Found a transporter.
 23575 | Lair:4   | Identified the +1 hat of the Lair of Beasts {Int+2}
 23610 | Lair:4   | Found the +3 pair of gauntlets of War {Slay+5}
 23928 | Lair:4   | Received a gift from Trog
 23934 | Lair:4   | Reached XP level 14. HP: 91/129 MP: 13/13
 24839 | Lair:5   | Entered Level 5 of the Lair of Beasts
 24881 | Lair:5   | Reached skill level 16 in Shields
 26913 | Lair:5   | Found a shadowy altar of Dithmenos.
 26990 | Lair:5   | Identified the +0 robe "Sudaol" {Rampage Drain Dex+4
                  | Slay+2}
 27042 | Lair:5   | Reached skill level 15 in Axes
 28678 | D:11     | Noticed Gastronok
 28688 | D:11     | Killed Gastronok
 28689 | D:11     | Reached skill level 17 in Shields
 28751 | D:11     | Noticed Urug
 28757 | D:11     | Killed Urug
 29089 | D:11     | Found a glowing silver altar of Zin.
 29141 | D:11     | Noticed Josephine
 29157 | D:11     | Killed Josephine
 29670 | D:11     | Noticed Harold
 29677 | D:11     | Killed Harold
 29987 | D:11     | Noticed Nergalle
 29992 | D:11     | Killed Nergalle
 29993 | D:11     | Reached skill level 15 in Fighting
 30091 | D:11     | You fall into a shaft and drop 1 floor!
 30091 | D:12     | Found a runed translucent door.
 31047 | D:12     | Acquired a manual of Throwing
 31091 | D:12     | Noticed bronco's ghost (journeyman GrFi)
 31759 | D:12     | Found a runed translucent door.
 33103 | D:13     | Reached XP level 15. HP: 141/141 MP: 14/14
 34101 | D:14     | Found a gate to the Vaults.
 35141 | D:14     | Identified the +8 battleaxe of the Thirsty Curses {speed,
                  | Int+6}
 35971 | D:14     | Identified the +4 dagger "Otutuli" {vamp, rPois rF+ Int+2}
 35999 | D:14     | Found a blossoming altar of Fedhas.
 36419 | D:15     | Entered Level 15 of the Dungeon
 36421 | D:15     | Reached skill level 18 in Shields
 36841 | D:15     | Found a stormy altar of Qazlal.
 36882 | D:15     | Received a gift from Trog
 37927 | D:15     | Found a staircase to the Depths.
 39309 | Snake:1  | Entered Level 1 of the Snake Pit
 39334 | Snake:1  | Found Neenwi Hiete's Weapon Boutique.
 42032 | Snake:1  | Reached XP level 16. HP: 82/155 MP: 15/15
 43510 | Snake:1  | Noticed Jorgrun
 43517 | Snake:1  | Killed Jorgrun
 44099 | Snake:1  | Noticed Rupert
 44106 | Snake:1  | Killed Rupert
 44279 | Snake:1  | Glimpsed the power of Zot.
 49238 | Snake:2  | Received a gift from Trog
 49545 | Snake:2  | Found Erricw's Tiny Tomes.
 49571 | Snake:2  | Found Caepebin's Jewellery Emporium.
 49572 | Snake:2  | Found Imnat's Book Boutique.
 49572 | Snake:2  | Found Iwnup's Book Boutique.
 49716 | Snake:2  | Identified the +12 trident of Brawling {venom, rElec rN+
                  | Dex+3}
 49818 | Snake:3  | Reached skill level 1 in Polearms
 52420 | Snake:4  | Entered Level 4 of the Snake Pit
 52432 | Snake:4  | Reached skill level 5 in Polearms
 56110 | Snake:4  | Reached XP level 17. HP: 139/166 MP: 16/16
 57918 | Snake:4  | Reached skill level 10 in Polearms
 62272 | Snake:4  | Got a serpentine rune of Zot
 62356 | Snake:4  | Glimpsed the power of Zot.
 62565 | D:11     | Found a staircase to the Orcish Mines.
 62594 | D:11     | Noticed Lodul
 62606 | D:11     | Killed Lodul
 62757 | Orc:1    | Entered Level 1 of the Orcish Mines
 62759 | Orc:1    | Received a gift from Trog
 63036 | Orc:1    | Found Leppiggu's Antique Weapon Shoppe.
 63103 | Orc:1    | Noticed Veudig's ghost (journeyman HOFi)
 63106 | Orc:1    | Found a runed translucent door.
 63718 | Orc:2    | Entered Level 2 of the Orcish Mines
 63765 | Orc:2    | Found a staircase to the Elven Halls.
 64368 | Orc:2    | Received a gift from Trog
 65096 | Orc:2    | Found Udufufu's Antique Armour Shop.
 65203 | Orc:2    | Found Cedup's Antique Weapon Shop.
 65209 | Orc:2    | Bought an ichor-stained war axe for 314 gold pieces
 65209 | Orc:2    | Identified the +8 war axe of Uskayaw's Hope {venom, Fly
                  | rF++ rC- Dex+2} (You bought it in a shop on level 2 of the
                  | Orcish Mines)
 65218 | Orc:2    | Found Qodd's Jewellery Shop.
 65522 | Orc:2    | Found Hyavanym's General Store.
 65528 | Orc:2    | Bought 6 datura-tipped darts for 70 gold pieces
 65690 | Swamp:1  | Entered Level 1 of the Swamp
 67001 | Swamp:1  | Reached skill level 19 in Shields
 68894 | Swamp:2  | Noticed Louise
 69273 | Swamp:2  | Killed Louise
 70720 | Swamp:2  | Received a gift from Trog
 75768 | Swamp:2  | You fall into a shaft and drop 1 floor!
 78393 | Swamp:3  | Reached XP level 18. HP: 176/176 MP: 17/17
 78763 | Depths:1 | Entered Level 1 of the Depths
 81153 | Depths:1 | Found a one-way gate leading to the halls of Pandemonium.
 81252 | Depths:1 | Found a white marble altar of Elyvilon.
 81499 | Depths:1 | Found a gateway to Hell.
 84956 | Depths:2 | Reached skill level 15 in Polearms
 85227 | Depths:2 | Acquired a manual of Shields
 85321 | Depths:2 | You fall into a shaft and drop 2 floors!
 85321 | Depths:4 | Entered Level 4 of the Depths
 85988 | Depths:3 | Noticed Parghit
 85991 | Depths:3 | Found a one-way gate to the infinite horrors of the Abyss.
 85996 | Depths:3 | Found a one-way gateway to a ziggurat.
 86006 | Depths:3 | Noticed a tentacled monstrosity
 86874 | Depths:2 | Noticed a lich
 86877 | Depths:2 | Identified the +10 quarterstaff "Wuxerel" {speed, Dex+3}
 86888 | Depths:2 | Killed a lich
 88321 | Depths:3 | Killed a tentacled monstrosity
 93001 | Swamp:4  | Entered Level 4 of the Swamp
 93494 | Swamp:4  | Reached skill level 20 in Shields
 94403 | Swamp:4  | Received a gift from Trog
 97536 | Swamp:3  | Reached XP level 19. HP: 185/185 MP: 18/18
 98356 | Swamp:4  | Paralysed by a vampire knight for 5 turns
102910 | Swamp:4  | Glimpsed the power of Zot.
102945 | Swamp:4  | Found a blossoming altar of Fedhas.
102991 | Swamp:4  | Found a basalt altar of Yredelemnul.
103239 | Swamp:4  | Got a decaying rune of Zot
104769 | Depths:3 | Identified the +1 robe of Ubeffag {Rampage *Slow rElec
                  | rN++}
104787 | Depths:3 | Paralysed by a floating eye for 2 turns
105306 | Depths:3 | Reached skill level 21 in Shields
106647 | Depths:3 | Paralysed by a floating eye for 4 turns
106655 | Depths:3 | Paralysed by a floating eye for 2 turns
106671 | Depths:3 | Paralysed by a floating eye for 3 turns
106695 | Depths:3 | Found a portal to a secret trove of treasure.
106750 | Depths:3 | Paralysed by a floating eye for 3 turns
106880 | Vaults:1 | Entered Level 1 of the Vaults
107053 | D:14     | Paralysed by a great orb of eyes for 4 turns
108128 | Vaults:1 | Noticed Aizul
108141 | Vaults:1 | Killed Aizul
108383 | Vaults:1 | Paralysed by a great orb of eyes for 3 turns
110691 | Vaults:1 | You fall into a shaft and drop 1 floor!
110717 | Vaults:2 | Identified the +7 trident of Evisceration {heavy, rElec
                  | rPois Str-2} (Trog gifted it to you on level 2 of the
                  | Vaults)
110717 | Vaults:2 | Received a gift from Trog
112388 | Vaults:2 | Reached skill level 22 in Shields
114721 | Vaults:3 | Reached XP level 20. HP: 198/198 MP: 19/19
115382 | Vaults:3 | Reached skill level 23 in Shields
115851 | Vaults:3 | Received a gift from Trog
116384 | Vaults:3 | Found a staircase to the Crypt.
116853 | Vaults:3 | Upgraded the game from 0.30.1-1-g62c8e00024 to
                  | 0.30.1-3-gfc49f6343a
116873 | Vaults:4 | Reached skill level 24 in Shields
117988 | Vaults:4 | Reached ****** piety under Trog
118164 | Vaults:4 | Identified the +7 morningstar "Trog's Wrath" {flame, +Blink
                  | rPois Dex-4 Stlth+} (Trog gifted it to you on level 4 of
                  | the Vaults)
118164 | Vaults:4 | Received a gift from Trog
119662 | Vaults:4 | Noticed Mara
119669 | Vaults:4 | Noticed Pepete's illusion
120037 | Vaults:4 | Received a gift from Trog
120125 | Vaults:4 | Found Kuzu's Antique Weapon Shop.
120924 | Vaults:4 | Noticed a golden dragon
120933 | Vaults:4 | Killed a golden dragon
121026 | Vaults:4 | Reached skill level 25 in Shields
121212 | Vaults:4 | Killed Mara
121540 | Vaults:5 | Entered Level 5 of the Vaults
121991 | Slime:1  | Entered Level 1 of the Pits of Slime
123504 | Slime:1  | Reached XP level 21. HP: 193/211 MP: 20/20
124725 | Slime:3  | Received a gift from Trog
126794 | Slime:4  | Paralysed by a great orb of eyes for 3 turns
126808 | Slime:4  | Paralysed by a great orb of eyes for 4 turns
128092 | Elf:1    | Entered Level 1 of the Elven Halls
128152 | Elf:1    | Received a gift from Trog
128164 | Elf:1    | Found Giodusk's General Store.
128174 | Elf:1    | Bought a potion of invisibility for 104 gold pieces
128401 | Elf:1    | Found a crumbling gateway.
128421 | Desolati | Entered the Desolation of Salt
128444 | Desolati | Identified the ring "Mapry" {rElec rF+ MP+9}
128638 | Desolati | Identified the ring of Zowuyfamm {rN+ Dex+6}
128652 | Desolati | Received a gift from Trog
128659 | Desolati | Identified the +4 scale mail of Baldness {Int+2}
128661 | Desolati | Identified the staff of poison "Ejymum" {rPois rF+ Will+
                  | Str+4 Int-5}
128668 | Desolati | Identified the +3 leather armour of Restlessness {+Blink
                  | rElec Str-4}
128715 | Desolati | Identified the +4 plate armour of Yles {rN+}
129086 | Desolati | Identified the +2 leather armour of Biagunge {Rampage rPois
                  | Regen+}
129149 | Desolati | Received a gift from Trog
129602 | Desolati | Identified the +2 pair of boots of Adumiytulu {*Slow +Inv
                  | Str+5 Int+8}
129869 | Desolati | Identified the +5 spear "Hellblazer" {drain, Str+2 Dex+3}
129901 | Desolati | Identified the ring "Ziohialu" {rCorr Int+6}
129975 | Desolati | Reached skill level 1 in Throwing
130432 | Elf:1    | Received a gift from Trog
130889 | Elf:1    | Paralysed by an air elemental for 1 turns
130915 | Elf:1    | Paralysed by an air elemental for 1 turns
130925 | Elf:1    | Paralysed by an air elemental for 1 turns
131941 | Elf:1    | Reached skill level 5 in Throwing
132190 | Elf:1    | Reached XP level 22. HP: 200/222 MP: 7/21
132192 | Elf:1    | Received a gift from Trog
132669 | Elf:2    | Identified the +9 sling of Pestilence {flame, rC- Int+3}
133105 | Elf:2    | Received a gift from Trog
133215 | Elf:2    | Found a runed translucent gate.
133216 | Elf:2    | Found a runed translucent gate.
133216 | Elf:2    | Found a runed translucent gate.
133278 | Elf:2    | Noticed Donald
133290 | Elf:2    | Killed Donald
133845 | Elf:2    | Reached skill level 5 in Dodging
134428 | Elf:2    | Noticed Nikola
134457 | Elf:2    | Killed Nikola
134882 | Elf:3    | Entered Level 3 of the Elven Halls
135452 | Elf:3    | Reached skill level 10 in Throwing
136374 | Abyss:2  | Cast into level 2 of the Abyss (a deep elf demonologist)
136383 | Abyss:2  | Found a corrupted altar of Lugonu.
136492 | Abyss:2  | Gained mutation: Your magical capacity is extremely low.
                  | (-30% MP) [a neqoxec]
136494 | Abyss:2  | Gained mutation: You do not regenerate when monsters are
                  | visible. [a neqoxec]
136496 | Abyss:2  | Gained mutation: You are weak. (Str -2) [a neqoxec]
136507 | Abyss:2  | Lost mutation: You do not regenerate when monsters are
                  | visible. [a neqoxec]
136515 | Abyss:2  | Received a gift from Trog
136564 | Elf:3    | Escaped the Abyss
137146 | Elf:3    | Identified the +4 broad axe of Tension {vamp, rN+ rCorr
                  | Int-5 Dex+3}
138286 | Abyss:2  | Cast into level 2 of the Abyss (a deep elf sorcerer)
138341 | Abyss:2  | Found a corrupted altar of Lugonu.
138347 | Abyss:2  | Found a corrupted altar of Lugonu.
138406 | Abyss:2  | Found a corrupted altar of Lugonu.
138562 | Abyss:2  | Received a gift from Trog
138585 | Abyss:2  | Gained mutation: Your magical capacity is very low. (-20%
                  | MP) [a neqoxec]
138696 | Elf:3    | Escaped the Abyss
138781 | Elf:3    | Identified the ring "Purchugig" {rF+ rC++ Int-3 Dex+4}
138798 | Abyss:4  | Cast into level 4 of the Abyss (a deep elf sorcerer)
138883 | Abyss:4  | Reached skill level 10 in Dodging
139226 | Abyss:4  | Received a gift from Trog
139238 | Abyss:4  | Reached XP level 23. HP: 175/229 MP: 17/17
139318 | Elf:3    | Escaped the Abyss
139506 | Abyss:4  | Cast into level 4 of the Abyss (a deep elf demonologist)
139514 | Abyss:4  | Found a corrupted altar of Lugonu.
139794 | Abyss:4  | Noticed an ancient lich
139809 | Abyss:4  | Killed an ancient lich
139869 | Elf:3    | Escaped the Abyss
140614 | Elf:3    | Found the +6 lightning scales {swift, rElec}
140774 | Elf:3    | Identified the +2 helmet of the Beloved Dropbear {rPois}
140784 | Elf:3    | Identified the staff of air "Wocuasodgh" {rElec rC+ Dex+2}
140793 | Elf:3    | Identified the +9 sling of Zaimijij {antimagic, rPois rCorr
                  | Int-5}
140986 | Elf:3    | Identified the staff of death "Ipla" {rC+ rN+ Int+6 Dex-3}
141666 | Depths:3 | Paralysed by a floating eye for 3 turns
141838 | Depths:4 | Received a gift from Trog
142871 | Depths:4 | Found a gate to the Realm of Zot.
145690 | Vaults:4 | Identified the +3 dagger "Fierghops" {heavy, rC+ Str+3
                  | Dex+3} (Trog gifted it to you on level 4 of the Vaults)
145690 | Vaults:4 | Received a gift from Trog
146004 | Vaults:5 | Reached skill level 15 in Throwing
148155 | Vaults:5 | Identified the ring "Esai" {Wiz Will+ Str-3 Int+4}
148168 | Vaults:5 | Identified the +8 long sword of the Inferno {protect, rPois
                  | rF+ rN+}
148174 | Vaults:5 | Received a gift from Trog
148829 | Vaults:5 | Noticed a dread lich
148974 | Vaults:4 | Killed a dread lich
150066 | Vaults:5 | Reached XP level 24. HP: 239/239 MP: 17/17
150090 | Vaults:5 | Identified the ring "Zit Uhai" {rElec rPois EV+5 SInv}
150090 | Vaults:5 | Noticed Mennas
150354 | Vaults:5 | Killed Mennas
151088 | Vaults:5 | Identified the amulet of Rasyppoa {Reflect Int+4 SH+5}
151100 | Vaults:5 | Identified the +0 plate armour of Anarchy {Drain rElec rN+
                  | Int-5 SInv}
151205 | Vaults:5 | Received a gift from Trog
151678 | Vaults:5 | Identified the ring of Panentheism {rElec rPois rF- Will+
                  | Dex+5}
152156 | Vaults:5 | Identified the +5 mace "Kuomp" {flame, Str+6 Stlth+}
152311 | Vaults:5 | Got a silver rune of Zot
152452 | Vaults:5 | Identified the +6 plate armour of the Mind {Str+6 Dex+3
                  | Slay+6}
152890 | Depths:3 | Paralysed by a floating eye for 3 turns
152898 | Depths:3 | Paralysed by a floating eye for 2 turns
152905 | Depths:3 | Paralysed by a floating eye for 2 turns
152910 | Depths:3 | Paralysed by a floating eye for 3 turns
153155 | Crypt:1  | Entered Level 1 of the Crypt
153809 | Crypt:1  | Reached skill level 15 in Dodging
153822 | Crypt:1  | Received a gift from Trog
154133 | Crypt:1  | Noticed Grunn
154146 | Crypt:1  | Killed Grunn
157499 | Crypt:2  | Received a gift from Trog
158425 | Crypt:3  | Entered Level 3 of the Crypt
159359 | Crypt:3  | Noticed a dread lich
159368 | Crypt:3  | Killed a dread lich
159505 | Crypt:3  | Received a gift from Trog
160537 | Crypt:3  | Noticed Frederick
160549 | Crypt:3  | Killed Frederick
160550 | Crypt:3  | Reached XP level 25. HP: 247/247 MP: 17/17
162064 | Crypt:3  | Received a gift from Trog
162329 | Crypt:3  | Found an ancient bone altar of Kikubaaqudgha.
162346 | Crypt:3  | Found a basalt altar of Yredelemnul.
162547 | Crypt:3  | Noticed an ancient lich
162563 | Crypt:3  | Killed an ancient lich
163036 | Crypt:3  | Identified the staff of death "Ymev" {rElec rN+ Str+4}
163039 | Crypt:3  | Identified the +2 mace of Gallantry {flame, rF- Dex+3}
163955 | Crypt:3  | Found a staircase to the Tomb.
164350 | Tomb:1   | Entered Level 1 of the Tomb of the Ancients
165365 | Slime:5  | Entered Level 5 of the Pits of Slime
166458 | Slime:5  | Gained mutation: Your body sometimes deteriorates upon
                  | taking damage. [a shining eye]
166462 | Slime:5  | Gained mutation: You sometimes lose your temper in combat.
                  | [a shining eye]
166985 | Slime:5  | Gained mutation: Your magical capacity is extremely low.
                  | (-30% MP) [a shining eye]
166998 | Slime:5  | Received a gift from Trog
167170 | Slime:5  | Gained mutation: Potions are less effective at restoring
                  | your health. [a shining eye]
167532 | Slime:5  | Found a viscous altar of Jiyva.
167533 | Slime:5  | Noticed the Royal Jelly
169954 | Slime:4  | Mangled by an azure jelly

Illustrated notes

Levels and vault maps discovered:
D:1:      lemuel_arrival_river_ford, layout_rooms
D:2:      layout_basic
D:3:      layout_basic, lemuel_blue_sif_altar, minmay_fractal_squares_5,
          uniq_robin, uniq_grinder, uniq_crazy_yiuf_cottage
D:4:      nicolae_cairo_tiling, layout_loops_ring
D:5:      layout_basic, nicolae_half_adder
D:6:      layout_loops_ring, mainiacjoe_overflow_alcove_1, serial_shops,
          nicolae_shop_mannequins, kennysheep_generic_room_2, uniq_duvessa
D:7:      layout_rooms, chequers_temple_overflow_minitemple,
          lemuel_doored_altar, temple_statues
D:8:      layout_gridville, nicolae_overflow_crystal_walls, kennysheep_mini,
          amcnicky_mini_pool_small
D:9:      cheibrodos_barr_body, layout_basic, nicolae_benzene_ring
D:10:     minmay_the_grid_square_5x5_3x3 [minmay_the_grid_square_5x5_moneybag,
          minmay_the_grid_square_5x5_hourglass, minmay_the_grid_square_5x5_n,
          minmay_the_grid_square_5x5_meh,
          minmay_the_grid_square_5x5_megaprize_checkered,
          minmay_the_grid_square_5x5_two, minmay_the_grid_square_5x5_minimal,
          minmay_the_grid_square_5x5_plus, minmay_the_grid_square_5x5_dogpile],
          layout_long_grid, grunt_lair_entry_orc_guard_hut, enter_bailey_5
D:11:     layout_roguey, minmay_orc_entry_guard_dogs, serial_corexii_hall,
          chequers_hall_statues_corner_a, corexii_hall_statues_i, zin_statuary,
          uniq_nergalle, uniq_josephine, uniq_gastronok, uniq_lodul,
          uniq_harold, uniq_urug
D:12:     dreamdust_labyrinth, layout_cave_pods, ebering_ghost_inner_flame
D:13:     layout_basic
D:14:     layout_small_grid, david_vaults_2, fedhas_altar_1
D:15:     hangedman_depths_entry_try_elsewhere_first, layout_irregular_city,
          grunt_qazlal_clouds
Lair:1:   layout_long_grid, serial_bayou_shore_a, grunt_megastairs_2,
          uniq_maggie, uniq_joseph, uniq_sonja
Lair:2:   layout_misc_corridors, minmay_snake_entry_guardpost_small,
          serial_bayou, serial_bayou_pond_d, serial_bayou_lagoon_b,
          serial_bayou_lagoon_a, serial_bayou_pond_c, beast_lair_carwin_6
Lair:3:   mu_elephants_graveyard, layout_gridlike, palyth_hydra_swamp_entry,
          nicolae_quartered_pool_medium
Lair:4:   gammafunk_worm_tunnel, layout_cave_pods,
          nicolae_slime_entry_field_trip, gauntlet_entry_generic
Lair:5:   grunt_lair_end_beastmaster, layout_hall_layers, basic_altar,
          st_stairs_10, serial_bayou_lake_a
Swamp:1:  layout_basic_swamp, serial_swamp_ruin, evilmike_swamp_ruin_rubble_2,
          evilmike_swamp_ruin_house_5, evilmike_swamp_ruin_house_3, swamp_pool4
Swamp:2:  layout_basic_swamp, nicolae_swamp_fairy_circle, swamp_pool1,
          uniq_louise
Swamp:3:  layout_falls_marsh, evilmike_swamp_ruin_house_2
Swamp:4:  byrel_swamp_growth_death_and_undeath, layout_basic_swamp
Snake:1:  layout_layer_cave, serial_shops, nicolae_take_the_stairs,
          st_stairs_14, nicolae_snake_salamander_fort, grunt_megastairs_1,
          uniq_rupert, uniq_jorgrun
Snake:2:  layout_gridlike, st_stairs_4, nicolae_shop_i_like_small_books_too,
          drop_trap, lemuel_fruit_tree, minmay_shop_grove
Snake:3:  layout_onion, serial_bayou_shore_b
Snake:4:  grunt_snake_rune_pools, layout_rooms
Slime:1:  layout_caves
Slime:2:  layout_caves, nicolae_slime_crime_time
Slime:3:  layout_caves
Slime:4:  layout_caves, cheibrodos_slime_lost_civilization_6
Slime:5
Orc:1:    layout_caves, hellmonk_ghost_happy_afterlife, serial_shops,
          nicolae_shop_crystal, nicolae_orc_pool_cavern
Orc:2:    grunt_orc_cross, layout_caves, kennysheep_orc_chapel
Elf:1:    eino_elf_arrival_sip, layout_geoelf_grid, serial_shops, shop,
          portal_desolation_entry_nicolae_menacing_earthworks,
          minmay_elf_annihilation
Elf:2:    nicolae_elf_blades_crystal_corner, layout_rooms, serial_glass,
          glass_columns_b, glass_columns_a, minmay_strange_pillars,
          item_on_display_a, item_on_display_a, uniq_nikola, uniq_donald
Elf:3:    minmay_elf_hall_four_x, layout_geoelf_castle, lemuel_flamethrower_3
Vaults:1: v_misc_24, nicolae_vaults_double_plus_2, v_misc_16,
          nicolae_vaults_shipping_containers_3, v_misc_5, grunt_vaults_diagonal,
          vaults_dpeg_emergency_exit, hangedman_vaults_slice,
          layout_vaults_quadrants, uniq_aizul
Vaults:2: v_alt_pattern_2, vaults_mumra_minichess, hangedman_vaults_nodes,
          v_alt_pattern_5, hangedman_vaults_nails,
          nicolae_vaults_hexular_roomagon, nicolae_vaults_display_case,
          nicolae_vaults_cochlea, hangedman_vaults_snaps,
          ontoclasm_vaults_fault, layout_vaults_big_room
Vaults:3: nicolae_vaults_corridor_and_loot_room, nicolae_vaults_circle_grid_a,
          grunt_vaults_trifunnel, v_misc_2, nicolae_vaults_disjoint_gnomons,
          nicolae_vaults_circle_grid_a, nicolae_vaults_variable_pillar_hall,
          vaults_mumra_chevron_long, nicolae_vaults_stepped_doors,
          layout_vaults_big_cross, dummy_crypt_entry
Vaults:4: mu_enter_wizlab_5, hangedman_vaults_river_flow, v_misc_5,
          nicolae_vaults_mitosis, v_misc_27, vaults_dpeg_hooks,
          nicolae_vaults_shipping_containers_7, hangedman_vaults_restitches,
          v_pattern_4, ontoclasm_vaults_twist, nicolae_vaults_little_squares_3,
          layout_vaults_omnibox, serial_shops, nicolae_shop_tiny_statue_garden,
          uniq_margery, uniq_mara
Vaults:5: uniq_mennas
Crypt:1:  layout_misc_corridors, uniq_grunn
Crypt:2:  layout_chaotic_city, nicolae_crypt_niches
Crypt:3:  lightli_unholy_cathedral, layout_chaotic_city,
          tomb_entry_pyramid_bobbens, uniq_frederick
Tomb:1
Depths:1: layout_cave_pools, pan_entry, pf_hell_entry_great_geh,
          grunt_decor_arrowhead, elyvilon_altar_3
Depths:2: hangedman_arrow_trap, layout_small_grid, grunt_hell_entry_dis_mu,
          rand_demon_pan_entry_8, hangedman_decor_riveting, minivault_22,
          minmay_staircase_statues, grunt_megastairs_3
Depths:3: minmay_inner_zag, layout_twisted_cross, enter_ziggurat_c, abyss_entry,
          enter_trove_5, chequers_big_river, hell_entry, uniq_parghit
Depths:4: grunt_zot_entry_bicorn, layout_gridlike, hell_entry,
          roderic_serpentine_path, nicolae_abyss_entry_one_way_or_another,
          lemuel_flamethrower_1

Skill      XL: |  1  2  3  4  5  6  7  8  9 10 11 12 13 14 15 16 17 18 19 20 21 22 23 24 25 |
---------------+----------------------------------------------------------------------------+-----
Fighting       | 4 5 6 7 8 10 11 12 13 15 17 18 19 20 21 23 24 | 24.4
Axes           | 4 5 6 7 8 9 10 12 14 16 17 18 | 18.7
Armour         | 3 4 5 6 8 9 12 15 16 17 18 19 21 22 24 | 24.1
Maces & Flails | 1 4 6 8 |  8.4
Shields        | 5 9 12 14 15 17 18 19 20 22 25 | 25.0
Polearms       | 9 14 15 17 19 20 21 | 21.4
Throwing       | 5 13 15 17 18 | 18.9
Dodging        | 10 14 16 18 | 18.2

Action                     |  1- 3 |  4- 6 |  7- 9 | 10-12 | 13-15 | 16-18 | 19-21 | 22-24 | 25-27 || total
---------------------------+-------+-------+-------+-------+-------+-------+-------+-------+-------++-------
  Melee: Hand axe          |    99 |    35 |       |   141 |   762 |   186 |       |       |       ||  1223
         Headbutt          |     8 |    10 |    27 |    64 |   184 |   361 |   666 |   661 |   151 ||  2132
         Punch             |     1 |     1 |       |       |       |       |       |       |       ||     2
         Mace              |       |    26 |    77 |   291 |       |    27 |       |       |       ||   421
         Battleaxe         |       |    13 |   154 |       |       |       |       |       |       ||   167
         Trident           |       |       |       |       |       |  1634 |  2012 |  1395 |   411 ||  5452
         Spear             |       |       |       |       |       |       |   108 |   522 |       ||   630
         Broad axe         |       |       |       |       |       |       |       |   160 |       ||   160
  Throw: Javelin           |       |       |       |       |       |       |     1 |     5 |       ||     6
 Invoke: Berserk           |       |     3 |     7 |    22 |    21 |    18 |    11 |    23 |     6 ||   111
         Trog's Hand       |       |     1 |     1 |     1 |     7 |    13 |    11 |    27 |     4 ||    65
         Brothers in Arms  |       |       |       |     1 |       |       |       |     3 |     1 ||     5
  Evoke: Wand              |       |       |       |       |     1 |     1 |    10 |    14 |       ||    26
    Use: Scroll            |     7 |       |    11 |    15 |     7 |    21 |    22 |    12 |     4 ||    99
         Potion            |       |       |     1 |     4 |    10 |    12 |     7 |    14 |       ||    48
   Stab: Petrified         |       |       |       |       |     3 |       |       |       |       ||     3
         Petrifying        |       |       |       |       |     2 |       |       |       |       ||     2
         Invisible         |       |       |       |       |       |       |       |     3 |       ||     3
         Distracted        |       |       |       |       |       |       |       |     1 |       ||     1
 Armour: Animal skin       |     5 |       |       |       |       |       |       |       |       ||     5
         Ring mail         |    18 |       |       |       |       |       |       |       |       ||    18
         Plate armour      |    10 |    61 |   176 |   231 |   376 |   485 |   546 |   560 |    89 ||  2534
  Dodge: Dodged            |    45 |    22 |    98 |    97 |   196 |   302 |   537 |   448 |    89 ||  1834
  Block: Tower shield      |       |       |    41 |   419 |   814 |  1291 |  1790 |  1940 |   343 ||  6638
